 Dungeon Crawl Stone Soup version 0.29.1-15-g9cfb28693d (webtiles) character file.

Game seed: 1540805737226590822

22683 Peloso the Tortoise (level 12, -6/108 HPs)
             Began as a Minotaur Fighter on Feb 23, 2023.
             Was an Elder of Okawaru.
             Killed from afar by a bog body (36 damage)
             ... with a bolt of cold
             ... on level 3 of the Lair of Beasts.
             The game lasted 00:39:09 (14374 turns).

Peloso the Tortoise (Minotaur Fighter)             Turns: 14374, Time: 00:39:10

Health: -6/108     AC: 17    Str: 23    XL:     12   Next: 65%
Magic:  11/12      EV: 15    Int:  5    God:    Okawaru [****..]
Gold:   915        SH:  8    Dex: 13    Spells: 11/11 levels left

rFire   + . .      SeeInvis .   b - +9 dagger "Wobamiawi" {holy, rF+}
rCold   . . .      Faith    .   d - +0 buckler {reflect}
rNeg    . . .      Spirit   .   D - +3 scale mail
rPois   +          Reflect  +   (helmet restricted)
rElec   .          Harm     .   (no cloak)
rCorr   .          Rampage  .   (no gloves)
Will    .....                   r - +0 pair of boots
Stlth   ++........              m - amulet of regeneration
HPRegen 1.08/turn               o - ring of poison resistance
MPRegen 0.13/turn               (no ring)

@: heroic, marked, slowed, studying Armour, very slow
A: horns 2, retaliatory headbutt
a: Renounce Religion, Heroism, Finesse


You were on level 3 of the Lair of Beasts.
You worshipped Okawaru.
Okawaru was greatly pleased with you.
You visited 3 branches of the dungeon, and saw 15 of its levels.
You also visited: Ossuary and Bailey.

You collected 941 gold pieces.
You spent 26 gold pieces at shops.

Inventory:

Hand Weapons
 a - a +3 scimitar
 b - the +9 dagger "Wobamiawi" (weapon) {holy, rF+}
   (You found it on level 2 of the Dungeon)

   It has been blessed by the Shining One to cause great damage to the undead
   and demons.
   rF:        It protects you from fire.
 c - a +2 hand axe of flaming
Missiles
 O - 2 throwing nets
Armour
 d - a +0 buckler of reflection (worn)
 r - a +0 pair of boots (worn)
 D - a +3 scale mail (worn)
Jewellery
 m - an amulet of regeneration (around neck)
 o - a ring of poison resistance (left hand)
 s - a +6 ring of intelligence
 t - a ring of protection from cold
 v - an amulet of faith
 y - a +4 ring of evasion
 B - an amulet of reflection
Wands
 k - a wand of polymorph (18)
 u - a wand of iceblast (8) (quivered)
 F - a wand of flame (11)
 J - a wand of paralysis (6)
 K - a wand of digging (2)
 N - a wand of mindburst (5)
Scrolls
 e - 2 scrolls of fear
 h - 3 scrolls of teleportation
 i - 2 scrolls of enchant armour
 p - 4 scrolls of immolation
 q - a scroll of identify
 w - 3 scrolls of brand weapon
 I - 3 scrolls of blinking {unknown}
 M - 2 scrolls of amnesia
Potions
 f - a potion of ambrosia
 g - 4 potions of brilliance
 j - 3 potions of cancellation
 l - 3 potions of might
 n - 16 potions of curing
 x - 7 potions of flight
 z - 3 potions of mutation {unknown}
 A - a potion of resistance {unknown}
 C - 6 potions of haste {unknown}
 E - a potion of magic
 G - 11 potions of heal wounds {unknown}
 H - a potion of berserk rage
Miscellaneous
 P - a condenser vane (inert)


   Skills:
 + Level 10.7(15.7) Fighting
 + Level 10.8(16.2) Short Blades
 + Level 4.9(14.1) Long Blades
 + Level 3.0(8.0) Axes
 + Level 17.5(22.5) Armour
 + Level 7.6(12.6) Dodging
 + Level 2.4(7.4) Stealth
 + Level 10.9(15.9) Shields
 + Level 2.1 Invocations
 + Level 0.8 Evocations


You had 11 spell levels left.
You didn't know any spells.
Your spell library contained the following spells:

 Spells                   Type           Power      Damage    Failure   Level
 Apportation              Tloc           0%         N/A       69%         1
 Necrotise                Necr           0%         1d4       69%         1
 Blink                    Tloc           0%         N/A       83%         2
 Ensorcelled Hibernation  Hex/Ice        0%         N/A       83%         2
 Sublimation of Blood     Necr           0%         N/A       83%         2
 Spider Form              Tmut/Pois      0%         N/A       96%         3
 Anguish                  Hex/Necr       0%         N/A       100%        4
 Petrify                  Tmut/Erth      0%         N/A       100%        4
 Irradiate                Conj/Tmut      0%         3d11      100%        5
 Manifold Assault         Tloc           0%         N/A       100%        5
 Eringya's Noxious Bog    Tmut/Pois      0%         N/A       100%        6
 Storm Form               Tmut/Air       0%         N/A       100%        7
 Summon Small Mammal      Summ           Unusable   N/A       N/A         1
 Summon Forest            Summ/Tloc      Unusable   N/A       N/A         5
 Summon Hydra             Summ           Unusable   N/A       N/A         7

Dungeon Overview and Level Annotations

Branches:
Dungeon (11/15)            Temple (1/1) D:4            Lair (3/5) D:9
  Swamp (0/4) Lair:3        Snake (0/4) Lair:2          Orc (0/2) D:11
Ossuary (visited)          Bailey (visited)

Altars:
Ashenzari
Cheibriados
Dithmenos
Elyvilon
Fedhas
Gozag
Hepliaklqana
Kikubaaqudgha
Nemelex Xobeh
Okawaru
Qazlal
Ru
Sif Muna
Trog
Uskayaw
Vehumet
Wu Jian
Xom
Yredelemnul
Zin
The Shining One

Shops:
D:2 *   D:10 *


Innate Abilities, Weirdness & Mutations

You have a pair of horns on your head.
You reflexively headbutt those who attack you in melee.


Message History

The bog body points at you and mumbles some strange words.
You resist with significant effort.
A komodo dragon comes into view.
An ice devil opens the door.
You gain the combat prowess of a mighty hero.
You can no longer enter into single combat with a foe.
Okawaru will no longer gift you equipment.
The komodo dragon bites you but does no damage.
The bog body gestures at you while chanting.
You feel yourself slow down.
A black mamba comes into view.
You block the komodo dragon's attack. The bog body casts a spell at you.
You feel as though you will be slow longer.
The bog body points at you and mumbles some strange words.
The bolt of cold hits you!!
The komodo dragon attacks as you move away!
The komodo dragon closely misses you. You furiously retaliate!
You headbutt the komodo dragon! The bog body casts a spell at you.
You resist with significant effort.
The komodo dragon bites you but does no damage.
Unknown command.
The ice devil attacks as you move away! The ice devil hits you.
The ice devil freezes you!
The komodo dragon attacks as you move away!
The komodo dragon closely misses you. You furiously retaliate!
You headbutt the komodo dragon! You block the ice devil's attack.
Unknown command.
You hit the ice devil but do no damage.
The bog body gestures at you while chanting.
The bolt of cold hits the ice devil.
The ice devil completely resists.
The bolt of cold misses you. The ice devil hits you. The ice devil freezes you!
Unknown command.
You hit the ice devil but do no damage. The komodo dragon bites you!!
* * * LOW HITPOINT WARNING * * *
The bog body points at you and mumbles some strange words.
The bolt of cold hits the ice devil.
The ice devil completely resists.
The bolt of cold hits you!!!
You die...

*** ****************** ***,****
*,,*,*,,**,,*,,*,*
,,,,,,,*********,,,,,,,,,,,,,,,,,
,,,,,,,**,,∩,,**,,,,...........,,
,,*,*,***,,,,,*#####,.........,,,
,,,*,,,**..,,,*#.#P###.......*,*#
,,***+,**,.,,,*#....#.......####.
,,**,,,***#.***#.............#...
,,*,,,,* ##.** #@l...#......#....
,,,*,,,* *...* ##4..#.......#....
,,****** #+#'###.Sn..#.......#...
,,,* ***#.....................PP
,,,****,*#.......................
,,,,,,,..........................
,,,,,,,..........................
,,,,,,,..........................
,***,,,.#........................


You could see a komodo dragon, an ice devil, a bog body and a black mamba.

Vanquished Creatures
  Harold (Lair:2)
  3 hydras
  2 two-headed ogres (D:10)
  An orc knight (Bailey)
  A manticore (D:11)
  A black mamba (Lair:1)
  5 elephants (Lair:1)
  An unseen horror (D:10)
  3 cane toads (Lair:1)
  A rime drake (Lair:1)
  A kobold demonologist (D:11)
  3 komodo dragons
  11 blink frogs (Lair:1)
  A wraith (Ossuary)
  2 wyverns
  23 yaks
  A basilisk (Lair:1)
  Menkaure (D:7)
  A naga (Lair:2)
  An acid dragon (D:10)
  10 water moccasins
  Duvessa (D:4)
  5 sky beasts (D:7)
  An ice beast (D:4)
  16 orc warriors
  4 wolves (Lair:2)
  2 ogres
  3 centaurs
  2 phantoms (D:4)
  6 kobold brigands
  A gnoll sergeant (D:8)
  3 scorpions
  7 bullfrogs
  A necrophage (D:8)
  11 wights
  Dowan (D:4)
  5 howler monkeys
  8 crimson imps (D:8)
  3 hounds
  5 orc priests
  2 jellies
  2 gnoll boudas
  Jessica (D:2)
  An iguana (D:7)
  14 orc wizards
  3 mummies (Ossuary)
  Robin (D:2)
  14 gnolls
  5 adders
  A shadow imp (D:5)
  A white imp (D:8)
  An ufetubus (D:6)
  A worm (D:3)
  2 dart slugs
  97 orcs
  10 bats
  4 endoplasms
  3 giant cockroaches (D:1)
  21 goblins
  12 hobgoblins
  A jackal (D:3)
  4 quokkas
  11 ball pythons
  4 frilled lizards
  3 goblin zombies (Ossuary)
  5 hobgoblin zombies (Ossuary)
  28 kobolds
  2 kobold zombies (Ossuary)
  7 rats
420 creatures vanquished.

Vanquished Creatures (others)
  38 fungi
  25 plants
63 creatures vanquished.

Grand Total: 483 creatures vanquished

Notes
Turn   | Place    | Note
-------+----------+-------------------------------------------
     0 | D:1      | Peloso the Minotaur Fighter began the quest for the Orb.
     0 | D:1      | Reached XP level 1. HP: 19/19 MP: 0/0
   141 | D:1      | Reached XP level 2. HP: 21/27 MP: 1/1
   409 | D:1      | Reached skill level 4 in Armour
   506 | D:1      | Reached XP level 3. HP: 33/33 MP: 2/2
  1034 | D:2      | Noticed Robin
  1076 | D:2      | Killed Robin
  1314 | D:2      | Found Lafeiner's General Store.
  1323 | D:2      | Bought a scroll of identify for 26 gold pieces
  1327 | D:2      | Noticed Jessica
  1343 | D:2      | Killed Jessica
  1344 | D:2      | Reached XP level 4. HP: 39/40 MP: 3/3
  2001 | D:2      | Found a faded altar of an unknown god.
  2190 | D:2      | Identified the +9 dagger "Wobamiawi" {holy, rF+}
  2459 | D:3      | Reached XP level 5. HP: 46/46 MP: 4/4
  2504 | D:3      | Reached skill level 1 in Dodging
  2766 | D:3      | Reached skill level 5 in Armour
  3037 | D:3      | Reached skill level 1 in Short Blades
  3080 | D:4      | Found a staircase to the Ecumenical Temple.
  3089 | Temple   | Entered the Ecumenical Temple
  3094 | Temple   | Became a worshipper of Elyvilon the Healer
  3151 | D:4      | Noticed a phantom
  3160 | D:4      | Killed a phantom
  3161 | D:4      | Reached XP level 6. HP: 53/53 MP: 5/5
  3216 | D:3      | Fell from the grace of Elyvilon
  3382 | D:4      | Noticed an ice beast
  3404 | D:4      | Killed an ice beast
  3720 | D:4      | Noticed Dowan
  3721 | D:4      | Noticed Duvessa
  3732 | D:4      | Killed Duvessa
  3733 | D:4      | Reached skill level 6 in Armour
  3733 | D:4      | Reached XP level 7. HP: 48/60 MP: 6/6
  3740 | D:4      | Killed Dowan
  3923 | D:5      | Entered Level 5 of the Dungeon
  3970 | D:5      | Found a stormy altar of Qazlal.
  4156 | D:5      | Found a bloodstained altar of Trog.
  4552 | D:6      | Reached skill level 5 in Fighting
  4552 | D:6      | Reached skill level 5 in Shields
  4578 | D:6      | Found a sand-covered staircase.
  4585 | Ossuary  | Entered an ossuary
  4585 | Ossuary  | Noticed a wraith
  4585 | Ossuary  | Noticed a wraith
  4585 | Ossuary  | Noticed a wraith
  4637 | Ossuary  | Noticed a wraith
  4644 | Ossuary  | Killed a wraith
  4704 | Ossuary  | Reached skill level 7 in Armour
  5307 | D:6      | Reached skill level 1 in Stealth
  5307 | D:6      | Reached XP level 8. HP: 68/68 MP: 7/7
  5532 | D:6      | Found a glowing golden altar of the Shining One.
  5584 | D:6      | Found a radiant altar of Vehumet.
  5590 | D:6      | Reached skill level 5 in Short Blades
  5595 | D:6      | Found an ancient bone altar of Kikubaaqudgha.
  5606 | D:6      | Found a shimmering blue altar of Sif Muna.
  5623 | D:6      | Got Sif Muna's Folio of Production
  5926 | D:6      | Reached skill level 8 in Armour
  6227 | D:7      | Noticed Menkaure
  6233 | D:7      | Killed Menkaure
  6258 | D:7      | Reached XP level 9. HP: 54/75 MP: 8/8
  6364 | D:7      | Found a flagged portal.
  6383 | Bailey   | Entered a bailey
  6770 | Bailey   | Reached skill level 9 in Armour
  7664 | Bailey   | Noticed an orc knight
  7682 | Bailey   | Killed an orc knight
  7683 | Bailey   | Reached skill level 10 in Armour
  7876 | D:7      | Reached skill level 11 in Armour
  7876 | D:7      | Reached XP level 10. HP: 33/84 MP: 9/9
  8603 | D:7      | Reached skill level 12 in Armour
  8827 | D:7      | Found a basalt altar of Yredelemnul.
  9711 | D:9      | Identified the +1 hand axe "Luxaff" {drain, Fly Str+2
                  | Int+4}
  9757 | D:9      | Found a faded altar of an unknown god.
  9757 | D:9      | Found a faded altar of an unknown god.
  9757 | D:9      | Found a faded altar of an unknown god.
  9763 | D:9      | Found a hazy altar of Hepliaklqana.
  9788 | D:9      | Found a blossoming altar of Fedhas.
  9798 | D:9      | Reached skill level 13 in Armour
 10013 | D:9      | Found an iron altar of Okawaru.
 10022 | D:9      | Became a worshipper of Warmaster Okawaru
 10033 | D:9      | Reached XP level 11. HP: 95/95 MP: 10/10
 10059 | D:9      | Reached skill level 14 in Armour
 10119 | D:9      | Found a staircase to the Lair.
 10372 | D:10     | Entered Level 10 of the Dungeon
 10507 | D:10     | Noticed a two-headed ogre
 10520 | D:10     | Killed a two-headed ogre
 10594 | D:10     | Reached skill level 5 in Dodging
 10607 | D:10     | Reached * piety under Okawaru
 10747 | D:10     | Found Bej Xiozi's Assorted Antiques.
 10806 | D:10     | Found a broken altar of Ashenzari.
 10942 | D:10     | Reached skill level 10 in Short Blades
 11077 | D:10     | Reached skill level 15 in Armour
 11134 | D:10     | Found a sacrificial altar of Ru.
 11134 | D:10     | Found a shadowy altar of Dithmenos.
 11318 | D:10     | Identified the +5 sling of Termination {freeze, Str+4}
 11377 | D:11     | Noticed a two-headed ogre
 11393 | D:10     | Killed a two-headed ogre
 11393 | D:10     | Reached ** piety under Okawaru
 11783 | D:11     | Found a staircase to the Orcish Mines.
 12114 | Lair:1   | Entered Level 1 of the Lair of Beasts
 12145 | Lair:1   | Reached skill level 16 in Armour
 12189 | Lair:1   | Reached *** piety under Okawaru
 12250 | Lair:1   | Reached skill level 1 in Invocations
 12323 | Lair:1   | Reached skill level 10 in Shields
 12429 | Lair:1   | Reached XP level 12. HP: 106/106 MP: 12/12
 12433 | Lair:1   | Noticed a five-headed hydra
 12446 | Lair:1   | Killed a one-headed hydra
 12522 | Lair:1   | Reached **** piety under Okawaru
 12523 | Lair:1   | Reached skill level 1 in Axes
 12535 | Lair:1   | Reached skill level 10 in Fighting
 12859 | Lair:1   | Reached skill level 17 in Armour
 13383 | Lair:2   | Noticed Harold
 13409 | Lair:2   | Received a gift from Okawaru
 13439 | Lair:2   | Killed Harold
 13604 | Lair:2   | Noticed a six-headed hydra
 13611 | Lair:2   | Killed a one-headed hydra
 13698 | Lair:2   | Noticed a seven-headed hydra
 13716 | Lair:2   | Killed a one-headed hydra
 13716 | Lair:2   | Reached ***** piety under Okawaru
 13864 | Lair:2   | Found a staircase to the Snake Pit.
 14102 | Lair:2   | Identified the +4 dagger of Vean Iri {venom, *Corrode rN+
                  | Int+4 Dex+2}
 14350 | Lair:3   | Found a staircase to the Swamp.
 14374 | Lair:3   | Killed from afar by a bog body

Illustrated notes

Levels and vault maps discovered:
D:1:      minmay_arrival_checkered_box, layout_loops_ring
D:2:      layout_basic, ebering_ecumenical_altar_webs, serial_shops, shop,
          uniq_jessica, uniq_robin
D:3:      minmay_recursive_quarters, layout_loops_cross, bloody_makhleb
D:4:      layout_basic, minmay_temple_entry_hall, uniq_duvessa
D:5:      layout_basic, nicolae_qazlal_scattered_showers,
          mainiacjoe_overflow_paths
D:6:      layout_basic, palyth_temple_overflow_mages,
          nicolae_tso_carved_into_rock, nicolae_ossuary_entry_monument,
          minivault_26, grunt_decor_arrowhead
D:7:      layout_loops_corners, kennysheep_mini_moat, enter_bailey_5,
          uniq_menkaure
D:8:      layout_basic, minmay_nine_imps
D:9:      layout_basic, nicolae_hepliaklqana_ecumenical_no_more,
          mainiacjoe_overflow_small_starburst, okawaru_ov_weapons_minmay,
          due_lair_maze_entry_diamond, special_room [special_room_orc],
          minmay_misc_feat_diagonals, serial_park_tiny_2
D:10:     layout_loops_ring, nicolae_ashenzari_panopticon,
          mainiacjoe_overflow_large_starburst, special_room [special_room_orc],
          serial_shops, shop
D:11:     layout_cave_pools, david_orc_4
Temple:   hellmonk_temple_micro_hex
Lair:1:   layout_regular_city, nicolae_quartered_pool_super
Lair:2:   layout_chaotic_city, guppyfry_snake_entry_island, uniq_harold
Lair:3:   layout_regular_city, skrybe_swamp_entry_bodies,
          portal_ice_cave_demonic_guard, beast_lair_carwin_11

Skill      XL: |  1  2  3  4  5  6  7  8  9 10 11 12 |
---------------+-------------------------------------+-----
Shields        | 4 5 7 9 10 | 10.9
Armour         | 4 5 6 7 8 11 13 16 17 | 17.5
Fighting       | 4 5 6 8 9 10 | 10.7
Long Blades    | 3 4 |  4.9
Dodging        | 1 2 3 4 6 7 |  7.6
Short Blades   | 1 2 4 6 8 9 10 | 10.8
Stealth        | 1 2 |  2.4
Invocations    | 1 2 |  2.1
Axes           | 3 |  3.0
Evocations     | |  0.8

Action                   |  1- 3 |  4- 6 |  7- 9 | 10-12 || total
-------------------------+-------+-------+-------+-------++-------
Melee: Long sword        |   108 |    53 |       |       ||   161
       Headbutt          |     8 |    22 |    57 |   239 ||   326
       Dagger            |       |    89 |   317 |   885 ||  1291
       Hand axe          |       |       |       |    29 ||    29
Invok: Renounce Religion |       |     1 |       |       ||     1
       Heroism           |       |       |       |    11 ||    11
Evoke: Wand              |       |       |     3 |       ||     3
       Condenser vane    |       |       |       |     1 ||     1
  Use: Scroll            |     3 |     4 |    14 |     5 ||    26
       Potion            |     3 |     1 |       |       ||     4
Armor: Scale mail        |    56 |    46 |     6 |   257 ||   365
       Chain mail        |       |    30 |    93 |       ||   123
Dodge: Dodged            |    53 |    62 |    91 |   298 ||   504
Block: Buckler           |    17 |    40 |    83 |   172 ||   312
       Reflection        |       |       |    22 |     4 ||    26
